Map: Proxima Station LE

Players

Akhenaton - Winner!

  • Race: Terran Terran
  • League: Silver
  • Spawn Location: 1:00

Whiskydog

  • Race: Terran Terran
  • League: Silver
  • Spawn Location: 7:00

VOD

Have the link to the VOD?

Description

Time

  • Played on: June 1, 2017, 8:36 p.m.
  • Length: 11:47
Show
View Real Time Build Order
Export as new Build Order

Akhenaton Terran - Winner!

Build Orders:  

Get SALT Encoding   

  12  0:02  SCV  
  13  0:14  SCV  
  14  0:26  SCV  
  15  0:38  Supply Depot  
  15  1:00  SCV  
  16  1:04  Barracks  
  16  1:12  SCV  
  16  1:16  Engineering Bay  
  17  1:22  Refinery  
  17  1:24  SCV  
  18  1:36  SCV  
  19  1:48  SCV  
  19  1:51  Supply Depot, Missile Turret  
  20  2:00  SCV  
  21  2:05  Marine  
  22  2:13  SCV  
  23  2:16  Missile Turret  
  23  2:21  Barracks  
  23  2:23  Marine  
  25  2:36  Orbital Command  
  24  2:39  Refinery  
  24  2:41  Marine  
  25  2:55  Command Center  
  25  2:59  Marine  
  26  3:11  Missile Turret  
  26  3:14  Barracks Reactor  
  26  3:22  Factory, Barracks Tech Lab  
  26  3:31  Missile Turret  
  26  3:35  SCV  
  26  3:39  Barracks  
  27  3:47  SCV  
  28  3:50  Concussive Shells  
  28  3:53  Marauder  
  28  3:54  Supply Depot  
  30  3:57  Marine  
  31  4:06  SCV  
  31  4:08  Supply Depot  
  31  4:09  Factory Tech Lab  
  32  4:18  Orbital Command  
  32  4:29  SCV  
  33  4:41  SCV  
  33  4:44  SCV  
  35  4:53  SCV  
  35  4:56  SCV  
  35  4:57  Barracks Reactor  
  37  5:03  Siege Tank  
  37  5:06  SCV  
  41  5:08  SCV  
  41  5:10  Marine x2  
  41  5:13  Starport  
  44  5:18  SCV  
  44  5:20  SCV  
  46  5:30  SCV  
  46  5:32  SCV  
  46  5:35  Refinery  
  48  5:38  Refinery  
  48  5:40  Siege Tank  
  48  5:42  SCV  
  52  5:44  SCV  
  52  5:49  Marine  
  53  5:50  Marine x3  
  53  5:53  Starport Tech Lab  
  53  5:54  SCV  
  58  6:02  Starport  
  58  6:06  Supply Depot  
  58  6:07  Marine x2  
  58  6:08  Terran Infantry Weapons Level 1, Marine x2  
  62  6:28  Siege Tank, Marine, SCV  
  67  6:39  Marine x3  
  70  6:41  Starport Reactor  
  70  6:52  Stimpack  
  70  7:11  Missile Turret  
  70  7:16  Cloaking Field  
  70  7:23  Siege Tank, Marine, SCV, Banshee  
  70  7:26  Supply Depot  
  78  7:31  Missile Turret  
  78  7:35  SCV  
  78  7:36  Liberator x2  
  79  7:49  Supply Depot  
  79  7:53  Command Center, Missile Turret  
  85  8:05  Cyclone  
  88  8:06  Banshee  
  91  8:15  Missile Turret  
  91  8:21  Supply Depot  
  91  8:22  Marine x4  
  95  8:37  Cyclone, Missile Turret  
  95  8:39  Marine  
  95  8:40  Marine x3  
  102  8:44  Supply Depot  
  102  8:48  Medivac x3  
  108  8:57  Marine x2  
  108  8:58  Marine  
  111  9:07  Supply Depot  
  111  9:09  Siege Tank  
  114  9:10  Orbital Command  
  114  9:12  Refinery  
  114  9:14  Refinery  
  114  9:18  Medivac  
  116  9:28  Marine  
  116  9:29  Missile Turret, Marine x2  
  116  9:31  Terran Infantry Armor Level 1  
  119  9:32  Missile Turret  
  119  9:33  Missile Turret  
  119  9:38  Armory  
  119  9:41  Siege Tank  
  122  9:55  SCV  
  123  10:07  SCV  
  124  10:19  Medivac, SCV  
  124  10:20  Banshee  
  130  10:31  SCV  
  131  11:03  Raven  
Show
View Real Time Build Order
Export as new Build Order

Whiskydog Terran 

Build Orders:  

Get SALT Encoding   

  12  0:02  SCV  
  13  0:18  Supply Depot, SCV  
  14  0:30  Supply Depot  
  14  0:31  SCV  
  15  0:41  Refinery  
  15  0:51  SCV  
  16  0:58  Barracks  
  16  1:08  Supply Depot  
  16  1:12  Supply Depot  
  16  1:13  SCV  
  17  1:27  SCV  
  17  1:30  Supply Depot  
  18  1:44  Engineering Bay  
  18  1:52  Marine  
  19  1:58  Orbital Command  
  19  2:11  Refinery  
  19  2:12  Terran Infantry Weapons Level 1  
  19  2:26  SCV  
  19  2:28  Barracks Reactor  
  20  2:38  SCV  
  20  2:40  Barracks  
  21  2:53  Factory  
  21  2:56  Missile Turret  
  21  3:00  Missile Turret  
  21  3:12  Marine  
  21  3:13  Marine  
  21  3:14  Supply Depot  
  23  3:24  Barracks  
  23  3:30  Barracks Tech Lab  
  23  3:31  Marine x2  
  25  3:50  Factory Tech Lab  
  25  3:51  Marine x2  
  27  3:56  Combat Shields  
  27  4:07  Barracks  
  27  4:08  Terran Infantry Armor Level 1  
  27  4:23  Starport, Barracks Reactor  
  27  4:26  Marine x2  
  29  4:37  Marine  
  30  4:40  SCV  
  30  4:44  Marine  
  33  4:52  SCV  
  33  4:53  Marine  
  33  4:55  Barracks Tech Lab  
  33  4:58  Barracks Reactor  
  34  5:04  Starport Reactor  
  34  5:05  SCV  
  35  5:13  Marine x2  
  35  5:14  Marine  
  38  5:15  Marine  
  38  5:16  Starport  
  38  5:21  Marauder  
  41  5:31  Marine  
  41  5:34  Marine  
  41  5:35  Marine x2  
  44  5:39  Marine  
  44  5:40  Marine  
  47  5:48  Barracks  
  47  5:52  Marine  
  47  5:53  Marine  
  49  6:00  Medivac  
  51  6:12  Supply Depot  
  51  6:19  Marine  
  51  6:20  Supply Depot  
  52  6:25  Starport Reactor  
  52  6:36  Marine x2  
  52  6:37  Marine  
  55  6:44  Barracks Tech Lab  
  55  6:48  Marine x2  
  57  7:00  Medivac x2  
  61  7:03  Marine  
  62  7:32  Command Center  
  62  7:34  Marine  
  62  7:36  SCV  
  64  7:40  Marine  
  65  8:04  SCV  
  66  8:05  Marine  
  66  8:06  Marine x2  
  66  8:07  Marauder  
  71  8:24  Armory  
  71  8:29  Supply Depot  
  71  8:34  Supply Depot  
  71  8:43  Medivac, Marine, SCV  
  71  8:44  Marine x2  
  71  8:45  Supply Depot  
  77  8:52  Stimpack  
  77  9:01  Orbital Command  
  77  9:04  SCV  
  77  9:08  Marine x2  
  80  9:11  Marine  
  81  9:45  Marine x5  
  84  9:46  Marine  
  84  9:47  Marine  
  84  9:50  Marauder  
  90  10:05  Marauder  
  92  10:08  Marine  
  92  10:09  Marine x2  
  92  10:10  Marine  
  92  10:11  Marauder, Marine  
  99  10:20  SCV x2  
  101  10:27  Marauder  
  103  10:30  Refinery  
  103  10:32  SCV x2  
  103  10:33  Marauder  
  104  10:44  SCV x2  
  106  11:12  Marine  
  106  11:13  Marine x3  
  110  11:27  Supply Depot  
  110  11:28  Supply Depot  
  110  11:30  Supply Depot  
Tags
 
Matchup
TvT
Race
Terran
Replay Pack
SIII
Spawn Locations
Cross Positions
Add a new tag
Caveats
  • Supply blocks, unpowered buildings, or Contaminate may cause inaccurate times.
  • Supply counts are checked every 10 seconds.